 Dungeon Crawl Stone Soup version 0.27-a0-1545-g3eddc1d3d3 (webtiles) character file.

Game seed: 13440907308946942340

11 Morbidden the Skirmisher (level 2, 24/24 HPs)
             Began as a Demonspawn Fighter on July 13, 2021.
             Quit the game on level 2 of the Dungeon.
             The game lasted 00:00:21 (288 turns).

Morbidden the Skirmisher (Demonspawn Fighter)        Turns: 288, Time: 00:00:21

Health: 24/24      AC:  6    Str: 16    XL:     2   Next: 13%
Magic:  2/2        EV:  6    Int:  9    God:
Gold:   25         SH:  8    Dex: 12    Spells: 1/1 levels left

rFire    . . .     SeeInvis .   a - +0 long sword
rCold    . . .     Faith    .   c - +0 kite shield
rNeg     . . .     Spirit   .   b - +0 scale mail
rPois    .         Reflect  .   (helmet restricted)
rElec    .         Harm     .   (no cloak)
rCorr    .         Rampage  .   (no gloves)
Will     .....                  (no boots)
Stlth    ..........             (no amulet)
HPRegen  0.08/turn              (no ring)
MPRegen  0.08/turn              (no ring)

@: no status effects
A: antennae 1
a: no special abilities


You were on level 2 of the Dungeon.
You visited 1 branch of the dungeon, and saw 2 of its levels.

You collected 25 gold pieces.

Inventory:

Hand Weapons
 a - a +0 long sword (weapon)
Armour
 b - a +0 scale mail (worn)
 c - a +0 kite shield (worn)
Potions
 d - a potion of might


   Skills:
 * Level 3.1 Fighting
 * Level 1.9 Long Blades
 + Level 2.8 Armour
 + Level 2.8 Shields


You had one spell level left.
You didn't know any spells.
Your spell library was empty.

Dungeon Overview and Level Annotations

Branches:
Dungeon (1/15)

Altars:


Innate Abilities, Weirdness & Mutations

You have a pair of small antennae on your head.


Message History

You see here a ball python corpse.
Unknown command.
A ball python comes into view.
A ball python is nearby!
A ball python is nearby!
Unknown command.
You see here a ball python corpse.
You start resting.
You start resting.
HP restored.
You see here a ball python corpse.
Things that are here:
a rat skeleton; a hobgoblin skeleton
Found 13 gold pieces.
You now have 25 gold pieces (gained 13).
Found a stone staircase leading down.
You fall into a shaft and drop 1 floor!
The shaft crumbles and collapses.
A worm comes into view.
Found a lumpy amethyst potion.
Found an escape hatch in the floor.
Found a stone staircase leading down.
Unknown command.
A worm is nearby!
You hit the worm.
The worm is lightly wounded.
The worm bites you but does no damage.
You slash the worm!
The worm is heavily wounded.
The worm bites you but does no damage.
You slash the worm!
The worm is almost dead.
You block the worm's attack.
You slash the worm!
You kill the worm!
You have reached level 2!
You feel monstrous as your demonic heritage exerts itself.
Your demonic ancestry asserts itself...
A pair of antennae grows on your head!
Unknown command.
Are you sure you want to abandon this character and quit the game? (Confirm with "yes".)

.. #.## ..
####...##..
#....>.....
#........###
#..........
#........#
#..@>....#
##.#...!....#
#............#
....####.....#
..# #........
. ##.#.....
.#..8.. ..
.... #.. ...


There were no monsters in sight!

Vanquished Creatures
  A worm (D:2)
  A ball python (D:1)
  An endoplasm (D:1)
  2 hobgoblins (D:1)
  A kobold (D:1)
  A rat (D:1)
7 creatures vanquished.

Notes
Turn   | Place    | Note
-------+----------+-------------------------------------------
     0 | D:1      | Morbidden the Demonspawn Fighter began the quest for the
                  | Orb.
     0 | D:1      | Reached XP level 1. HP: 18/18 MP: 1/1
     0 | D:1      | Noticed an ogre
     0 | D:1      | Noticed a demigod
     1 | D:1      | Noticed an octopode
     3 | D:1      | Noticed a demigod
     3 | D:1      | Noticed a draconian
     6 | D:1      | Noticed a naga
     7 | D:1      | Noticed a spriggan
     9 | D:1      | Noticed a draconian
    11 | D:1      | Noticed a dwarf
    13 | D:1      | Noticed an ogre
    13 | D:1      | Noticed a tengu
    15 | D:1      | Noticed a ghoul
    15 | D:1      | Noticed a tengu
    17 | D:1      | Noticed a djinni
    17 | D:1      | Noticed a gargoyle
    19 | D:1      | Noticed a vine stalker
   281 | D:1      | You fall into a shaft and drop 1 floor!
   288 | D:2      | Gained mutation: You have a pair of small antennae on your
                  | head. [demonic ancestry]
   288 | D:2      | Reached XP level 2. HP: 24/24 MP: 2/2
   288 | D:2      | Quit the game

Illustrated notes

Levels and vault maps discovered:
D:1:      shiori_arrival_whats_in_store_for_you, layout_rooms
D:2:      layout_loops_ring, ebering_ecumenical_altar_abandoned, serial_undead,
          serial_undead_d, serial_undead_c, serial_undead_d, serial_undead_e,
          minmay_distorted

Action                   || total
-------------------------++-------
Melee: Long sword        ||    25
Armor: Scale mail        ||    16
Dodge: Dodged            ||     5
Block: Kite shield       ||    11
       Rpst.: Long sword ||     1

Table legend: (Time is in decaauts)
 A = Elapsed time spent in this place.
 B = Non-inter-level travel time spent in this place.
 C = Inter-level travel time spent in this place.
 D = Time resting spent in this place.
 E = Time spent auto-exploring this place.
 F = Levels seen in this place.
 G = Mean time per level.
                   A        B        C        D        E       F      G
               +--------+--------+--------+--------+--------+-----+--------+
         Total |    302 |    302 |      0 |    166 |     74 |   2 |  151.0 |
       Dungeon |    302 |    302 |      0 |    166 |     74 |   2 |  151.0 |
               +--------+--------+--------+--------+--------+-----+--------+

Top non-repeatable levels by time:
     D:1: 293 daAuts
     D:2: 9 daAuts
